AoeStats
← TheGhostmaster

Arena

509680179Analyzed
4v4 RM · 4d ago on Sep 27, 2026· 65m 37s· 8 players
Game mode
Random Map
Map size
Large (8 player)
Population
200
Speed
Normal
Resources
Standard
Victory
Conquest
Starting age
Dark Age
Ending age
Imperial Age
RankedLock teamsTeams togetherTeam positionsShared explorationLock speedFull tech treeHidden civsTurbo modeCheats
Victory
Defeat
🇺🇸 Goths · United States
1482
+15
🇦🇷 Armenians · Argentina
1445
+17
🇫🇮 Saracens · Finland
1444
+17
🇩🇪 Malians · Germany
1443
+17
🇺🇸 Teutons · United States
1512
-19
🇳🇱 Bohemians · Netherlands
1502
-19
🇮🇳 Franks · India
1428
-15
🇳🇱 Slavs · Netherlands
1389
-13
eraycoskun33
10:48 Feudal Age
14:34 Castle Age
12:30 Double-Bit Axe
12:27 Horse Collar
17:32 Wheelbarrow
17:10 Bow Saw
20:15 Hand Cart
19:48 Town Watch
20:54 Heavy Plow
23:49 Stone Mining
24:41 Loom
26:58 Gold Mining
32:23 Imperial Age
31:08 Bloodlines
30:58 Husbandry
31:10 Scale Barding Armor
31:16 Forging
32:37 Squires
32:39 Elite Gbeto
33:54 Conscription
34:31 Chain Barding Armor
36:12 Iron Casting
36:13 Plate Barding Armor
35:11 Heavy Camel Rider
37:55 Fletching
38:44 Light Cavalry
39:40 Herbal Medicine
40:44 Farimba
42:19 Bodkin Arrow
42:24 Scale Mail Armor
42:24 Padded Archer Armor
44:39 Chain Mail Armor
44:40 Leather Archer Armor
45:56 Cavalier
52:02 Arson
52:50 Plate Mail Armor
57:04 Hoardings
63:07 Thumb Ring
63:19 Masonry
64:05 Town Patrol
64:23 Fortified Wall
Irrelevant
9:59 Feudal Age
14:04 Castle Age
12:21 Double-Bit Axe
12:38 Horse Collar
16:07 Bow Saw
16:59 Heavy Plow
21:56 Wheelbarrow
21:22 Loom
23:21 Hand Cart
23:17 Stone Mining
25:44 Scale Barding Armor
26:12 Scale Barding Armor
28:59 Imperial Age
26:24 Fletching
26:27 Gold Mining
27:21 Town Watch
27:58 Chain Barding Armor
27:48 Forging
28:00 Bloodlines
28:06 Husbandry
29:07 Elite Mameluke
30:26 Plate Barding Armor
30:48 Conscription
31:15 Iron Casting
32:13 Chemistry
32:06 Light Cavalry
33:52 Blast Furnace
32:49 Bodkin Arrow
33:31 Masonry
33:28 Hussar
34:53 Gold Shaft Mining
35:59 Caravan
38:11 Capped Ram
38:14 Onager
39:25 Siege Engineers
45:05 Hoardings
45:15 Bracer
45:18 Murder Holes
47:12 Bimaristan
47:29 Siege Onager
48:49 Padded Archer Armor
52:31 Coinage
53:33 Ballistics
53:24 Fortified Wall
58:14 Two-Man Saw
63:19 Capped Ram
64:17 Siege Ram
Kyphosis
5:29 Loom
9:57 Feudal Age
11:11 Loom
13:37 Castle Age
13:04 Double-Bit Axe
14:13 Horse Collar
27:28 Sanctity
27:22 Fervor
31:06 Wheelbarrow
30:47 Heavy Plow
32:35 Bow Saw
33:07 Pikeman
34:47 Hand Cart
37:57 Imperial Age
35:30 Scale Mail Armor
35:57 Squires
35:56 Gold Mining
35:58 Stone Mining
35:56 Man-at-Arms
36:54 Chain Mail Armor
37:21 Forging
38:19 Anarchy
39:17 Iron Casting
39:04 Conscription
40:10 Two-Man Saw
39:41 Crop Rotation
40:44 Chemistry
39:56 Perfusion
40:15 Halberdier
43:04 Blast Furnace
44:02 Fletching
44:47 Elite Skirmisher
45:28 Bodkin Arrow
45:57 Ballistics
46:28 Bracer
46:29 Padded Archer Armor
48:24 Leather Archer Armor
48:30 Masonry
49:41 Ring Archer Armor
52:46 Architecture
51:57 Treadmill Crane
59:40 Town Watch
59:44 Capped Ram
TheGhostmaster
9:57 Feudal Age
10:44 Double-Bit Axe
10:40 Horse Collar
15:25 Castle Age
13:52 Stone Mining
14:11 Gold Mining
14:08 Loom
17:42 Town Watch
18:28 Fervor
24:56 Wheelbarrow
25:46 Fletching
26:13 Bow Saw
25:36 Elite Skirmisher
26:58 Hand Cart
27:04 Padded Archer Armor
27:55 Heavy Plow
28:26 Bodkin Arrow
29:12 Leather Archer Armor
31:33 Ballistics
33:51 Imperial Age
34:34 Bracer
35:09 Ring Archer Armor
35:49 Chemistry
37:22 Conscription
40:31 Masonry
44:24 Guilds
47:51 Gold Shaft Mining
52:05 Coinage
54:33 Banking
56:50 Redemption
56:58 Block Printing
57:55 Illumination
58:03 Sanctity
58:21 Theocracy
pac.Padawan NL
10:29 Feudal Age
14:30 Castle Age
13:20 Double-Bit Axe
13:28 Horse Collar
16:20 Bow Saw
20:44 Heavy Plow
22:03 Wheelbarrow
21:43 Gold Mining
23:56 Hand Cart
24:21 Gold Shaft Mining
24:09 Loom
27:51 Imperial Age
27:17 Ballistics
27:30 Scale Mail Armor
27:40 Forging
26:52 Pikeman
27:33 Squires
29:54 Two-Man Saw
28:38 Onager
29:46 Siege Engineers
30:46 Chemistry
29:52 Heavy Scorpion
32:25 Capped Ram
35:13 Halberdier
37:44 Coinage
37:51 Chain Mail Armor
38:12 Iron Casting
38:03 Conscription
38:34 Siege Ram
39:51 Banking
39:24 Druzhina
42:05 Plate Mail Armor
42:35 Blast Furnace
42:45 Fletching
47:01 Caravan
48:10 Crop Rotation
48:11 Bodkin Arrow
49:56 Detinets
53:27 Siege Onager
56:16 Masonry
63:46 Scale Barding Armor
64:49 Light Cavalry
65:30 Husbandry
65:41 Bloodlines
pac.Etwin O' Fliguter
10:43 Feudal Age
14:24 Castle Age
12:59 Double-Bit Axe
13:10 Horse Collar
15:47 Wheelbarrow
15:24 Bow Saw
15:36 Heavy Plow
16:14 Fervor
21:24 Hand Cart
21:33 Town Watch
21:35 Loom
27:39 Imperial Age
25:52 Ballistics
26:38 Chemistry
25:53 Scale Mail Armor
27:00 Chain Mail Armor
26:33 Pikeman
27:29 Squires
27:40 Forging
27:40 Halberdier
28:53 Plate Mail Armor
30:55 Iron Casting
30:36 Houfnice
31:45 Siege Engineers
32:42 Capped Ram
34:07 Conscription
34:28 Masonry
34:38 Ballistics
35:52 Two-Man Saw
35:09 Fletching
36:20 Blast Furnace
36:56 Bodkin Arrow
37:54 Architecture
40:20 Bracer
47:26 Caravan
50:30 Scale Barding Armor
50:42 Husbandry
50:03 Light Cavalry
51:34 Chain Barding Armor
52:16 Town Patrol
55:55 Sappers
anykind
6:09 Loom
8:51 Feudal Age
9:18 Double-Bit Axe
9:24 Stone Mining
9:58 Stone Mining
13:17 Horse Collar
17:23 Fletching
23:12 Castle Age
21:06 Town Watch
24:50 Bow Saw
24:41 Heavy Plow
35:55 Imperial Age
34:55 Wheelbarrow
36:11 Hand Cart
36:25 Hand Cart
37:37 Chemistry
38:39 Padded Archer Armor
39:56 Two-Man Saw
41:08 Leather Archer Armor
43:04 Gold Mining
44:44 Ring Archer Armor
50:51 Caravan
58:52 Scale Mail Armor
59:03 Forging
59:11 Man-at-Arms
59:37 Gambesons
59:52 Squires
60:16 Arson
60:33 Scale Mail Armor
60:44 Forging
59:57 Long Swordsman
61:08 Two-Handed Swordsman
63:56 Chain Mail Armor
64:17 Iron Casting
63:11 Champion
65:59 Plate Mail Armor
Maverick
10:35 Feudal Age
14:16 Castle Age
14:35 Double-Bit Axe
15:33 Bow Saw
21:39 Loom
23:04 Wheelbarrow
25:36 Bow Saw
27:29 Husbandry
28:13 Gold Mining
28:52 Scale Barding Armor
29:03 Forging
33:11 Imperial Age
31:12 Chain Barding Armor
30:52 Scale Mail Armor
31:28 Iron Casting
32:00 Gold Shaft Mining
31:39 Stone Mining
32:30 Hand Cart
31:39 Ordonnance Companies
33:14 Chain Mail Armor
33:16 Cavalier
34:27 Conscription
35:00 Plate Barding Armor
34:45 Chivalry
36:25 Blast Furnace
36:00 Paladin
39:38 Hoardings
41:39 Elite Throwing Axeman
42:59 Masonry
48:25 Plate Mail Armor
48:19 Light Cavalry
51:38 Squires
51:25 Arson
57:42 Fortified Wall
59:33 Pikeman
Connection lost

Rejoining the realm…

Still unreachable

The connection could not be restored.

Session expired

The server has moved on; the page needs a fresh start.